 Dungeon Crawl Stone Soup version 0.26.0-10-g1f06aea511 (webtiles) character file.

Game seed: 4677813868094605215

5866 Dracia the Protected (level 10, -6/70 HPs)
             Began as a Demonspawn Fighter on Jan 19, 2021.
             Mangled by an elephant (9 damage)
             ... on level 9 of the Dungeon.
             The game lasted 00:14:29 (10541 turns).

Dracia the Protected (Demonspawn Fighter)          Turns: 10541, Time: 00:14:30

Health: -6/70      AC: 20    Str: 19    XL:     10   Next: 52%
Magic:  10/10      EV: 14    Int: 10    God:
Gold:   420        SH: 12    Dex: 13    Spells: 9/9 levels left

rFire    + . .     SeeInvis .   g - +4 whip (elec)
rCold    . . .     Faith    .   c - +1 kite shield
rNeg     . . .     Spirit   .   E - +0 ring mail
rPois    .         Reflect  .   (helmet restricted)
rElec    .         Harm     .   p - +2 cloak
rCorr    .         Rampage  .   n - +0 pair of gloves
Will     .....                  (no boots)
Stlth    +.........             (no amulet)
HPRegen  0.21/turn              (no ring)
MPRegen  0.12/turn              F - ring of protection from fire

@: sanguine armour
A: horns 1, powered by pain 2, miasma immunity, sanguine armour 2
a: no special abilities


You were on level 9 of the Dungeon.
You visited 2 branches of the dungeon, and saw 10 of its levels.

You collected 510 gold pieces.
You spent 90 gold pieces at shops.


Innate Abilities, Weirdness & Mutations

You have a pair of small horns on your head.
You sometimes gain power by taking damage.
You are immune to miasma.
When seriously injured, your bleeding wounds create thick armour. (AC +9)


   Skills:
 - Level 3.0 Fighting
 - Level 1.7 Short Blades
 + Level 8.9 Armour
 + Level 8.4 Dodging
 + Level 8.9 Shields


You had 9 spell levels left.
You didn't know any spells.
Your spell library was empty.

Inventory:

Hand Weapons
 a - a +0 rapier
 g - a +4 whip of electrocution (weapon)
Missiles
 r - 29 poisoned darts (quivered)
Armour
 b - a +0 scale mail
 c - a +1 kite shield (worn)
 m - a +0 helmet
 n - a +0 pair of gloves (worn)
 p - a +2 cloak (worn)
 E - a +0 ring mail (worn)
Jewellery
 t - an uncursed ring of teleportation
 F - a ring of protection from fire (right hand)
Wands
 h - a wand of acid (9)
 v - a wand of flame (13)
 D - a wand of paralysis (6)
Scrolls
 e - 8 scrolls of identify {@r1@r1}
 j - a scroll of amnesia
 q - 4 scrolls of teleportation {@r4@r4}
 u - a scroll of fear {unknown}
 G - 5 scrolls of enchant armour
 H - a scroll of blinking
Potions
 d - a potion of might
 f - a potion of haste {@q3@q3}
 i - a potion of magic
 k - 3 potions of flight
 l - a potion of mutation
 o - a potion of lignification
 x - a potion of degeneration
 z - a potion of resistance
 A - 4 potions of attraction
 C - a potion of invisibility

Dungeon Overview and Level Annotations

Branches:
Dungeon (9/15)             Temple (1/1) D:4
   Lair: D:8-11         Orc: D:9-12

Altars:
Ashenzari
Cheibriados
Dithmenos
Elyvilon
Fedhas
Gozag
Hepliaklqana
Kikubaaqudgha
Makhleb
Nemelex Xobeh
Okawaru
Qazlal
Ru
Sif Muna
Trog
Uskayaw
Vehumet
Wu Jian
Xom
Yredelemnul
Zin
The Shining One

...............# #
#####.##.###.#.# ##.####
#.##.# #.#.# .#.... #.##.#
#.#.######## #..... #
#.##)###.#.#..†...######..)..
#
#...)).#.....((...(....#.....
#
#..#.#.#.#...####.....(......
# #..#.#.#.###Y#
######.#..... # #..#.#.#.#
#@# #.#..../ # #..#.#.#.#
#.####### #.#.##.# #
#..#.#.#.# #.......# #.).. ..
# #........# #.....P.# ###.#
.# # ###.##..#####(#.._P.#
#.# .# #
#...................#####.#.
#
#.####...........)...†......
# ##.##
#.###.##.###)#########.
###...###.###.##.# #)#


You could see an elephant.


Message History

The black bear misses you. The black bear barely misses you.
You hit the black bear.
Lightning courses through the black bear!
You headbutt the black bear.
The black bear is heavily wounded.
You block the black bear's attack. The black bear claws you.
* * * LOW HITPOINT WARNING * * *
The black bear closely misses you.
You whack the black bear!
The black bear is almost dead.
The black bear goes berserk!
You barely miss the black bear.
The black bear is almost dead.
The black bear barely misses you. x2; You block the black bear's attack.
The black bear bites you!
* * * LOW HITPOINT WARNING * * *
The black bear claws you but does no damage. x2
You hit the black bear.
You kill the black bear!
The elephant tramples you but does no damage.
The elephant trunk-slaps you but does no damage.
Unknown command.
You hit the elephant.
You headbutt the elephant, but do no damage.
The elephant is lightly wounded.
The elephant barely misses you. You block the elephant's attack.
Your shield and ring mail prevent you from hitting the elephant.
The elephant is lightly wounded.
The elephant tramples you!
You die...

Skill      XL: |  1  2  3  4  5  6  7  8  9 10 |
---------------+-------------------------------+-----
Armour         | 3 4 5 6 8 |  8.9
Dodging        | 1 2 3 4 6 7 8 |  8.4
Shields        | 3 4 5 6 8 |  8.9
Fighting       | |  3.0
Short Blades   | |  1.7

Action                   |  1- 3 |  4- 6 |  7- 9 | 10-12 || total
-------------------------+-------+-------+-------+-------++-------
Melee: Rapier            |    20 |       |       |       ||    20
       Whip              |    99 |   198 |   482 |   120 ||   899
       Headbutt          |       |    12 |    84 |    25 ||   121
  Use: Potion            |       |     2 |     2 |       ||     4
       Scroll            |       |       |    19 |       ||    19
Armor: Scale mail        |    34 |    74 |   130 |       ||   238
       Ring mail         |       |       |    83 |    91 ||   174
Dodge: Dodged            |    31 |    58 |   222 |    96 ||   407
Block: Kite shield       |    43 |    90 |   303 |   115 ||   551

Levels and vault maps discovered:
D:1:      minmay_arrival_shattered_statue, layout_basic,
          chequers_hall_statues_y, hangedman_abyss_or_decor_stabs,
          grunt_decor_arrowhead
D:2:      layout_basic
D:3:      layout_basic, zin_purify, wander_ebering_terrifying_dragon_lair
D:4:      layout_loops_ring, nicolae_overflow_crystal_walls, temple_green,
          uniq_robin
D:5:      layout_loops_ring, kennysheep_little_box, basic_altar
D:6:      layout_basic, minitemple, uniq_edmund
D:7:      minmay_klotski, layout_loops_ring, dk_noncrumbling_4,
          fedhas_ov_isle_minmay
D:8:      minmay_chambers_of_fours, layout_layer_cave, slow_altar_1,
          old_standard_altar, basic_altar, uniq_erica
D:9:      layout_loops_ring, david_lair_generic, serial_shops, shop, shop,
          kennysheep_mini_moat, shop, shop_fountains, trog_ov_bears_minmay
Temple:   jpeg_temple_island

Notes
Turn   | Place    | Note
-------+----------+-------------------------------------------
     0 | D:1      | Dracia the Demonspawn Fighter began the quest for the Orb.
     0 | D:1      | Reached XP level 1. HP: 18/18 MP: 1/1
   108 | D:1      | Gained mutation: When seriously injured, your bleeding
                  | wounds create armour. (AC +9) [demonic ancestry]
   108 | D:1      | Reached XP level 2. HP: 24/24 MP: 2/2
   265 | D:1      | Reached skill level 3 in Armour
   265 | D:1      | Reached skill level 1 in Dodging
   265 | D:1      | Reached skill level 3 in Shields
   555 | D:1      | Gained mutation: You sometimes gain a little power by
                  | taking damage. [demonic ancestry]
   555 | D:1      | Reached XP level 3. HP: 26/29 MP: 3/3
  1437 | D:3      | Found a glowing silver altar of Zin.
  1439 | D:3      | Found Zin's Purification Station.
  1446 | D:3      | Bought a potion of curing for 90 gold pieces
  1462 | D:3      | Reached XP level 4. HP: 35/35 MP: 4/4
  1566 | D:3      | Reached skill level 2 in Dodging
  1913 | D:3      | Gained mutation: You have a pair of small horns on your
                  | head. [demonic ancestry]
  1913 | D:3      | Reached XP level 5. HP: 35/41 MP: 5/5
  2333 | D:4      | Found a sacrificial altar of Ru.
  2483 | D:4      | Found a staircase to the Ecumenical Temple.
  2618 | D:4      | Reached skill level 4 in Armour
  2672 | D:4      | Reached skill level 4 in Shields
  2917 | D:4      | Noticed Robin
  2931 | D:4      | Killed Robin
  3098 | D:5      | Entered Level 5 of the Dungeon
  3326 | D:5      | Reached skill level 3 in Dodging
  3326 | D:5      | Gained mutation: You are immune to miasma. [demonic
                  | ancestry]
  3326 | D:5      | Reached XP level 6. HP: 36/47 MP: 6/6
  3588 | D:5      | Noticed a sky beast
  3610 | D:5      | HP: 1/47 [sky beast (5)]
  3616 | D:5      | Killed a sky beast
  3868 | D:5      | Reached XP level 7. HP: 52/52 MP: 7/7
  4115 | D:5      | Found an iron altar of Okawaru.
  4339 | D:5      | Found a hazy altar of Hepliaklqana.
  4402 | D:6      | Noticed Edmund
  4417 | D:5      | Killed Edmund
  4418 | D:5      | Reached skill level 5 in Armour
  4418 | D:5      | Reached skill level 4 in Dodging
  4418 | D:5      | Reached skill level 5 in Shields
  5020 | D:6      | Gained mutation: When seriously injured, your bleeding
                  | wounds create thick armour. (AC +9) [demonic ancestry]
  5020 | D:6      | Reached XP level 8. HP: 58/58 MP: 8/8
  5143 | D:6      | Reached skill level 5 in Dodging
  5484 | D:6      | Found a glowing golden altar of the Shining One.
  5485 | D:6      | Found a blossoming altar of Fedhas.
  5487 | D:6      | Found a shimmering blue altar of Sif Muna.
  5489 | D:6      | Found a hazy altar of Hepliaklqana.
  5489 | D:6      | Found a broken altar of Ashenzari.
  5489 | D:6      | Found a radiant altar of Vehumet.
  5489 | D:6      | Found a sparkling altar of Nemelex Xobeh.
  5492 | D:6      | Reached skill level 6 in Armour
  5492 | D:6      | Reached skill level 6 in Shields
  5493 | D:6      | Found a hide-covered altar of Uskayaw.
  5805 | D:7      | Found a blossoming altar of Fedhas.
  6654 | D:7      | Reached skill level 6 in Dodging
  6654 | D:7      | Gained mutation: You sometimes gain power by taking damage.
                  | [demonic ancestry]
  6654 | D:7      | Reached XP level 9. HP: 49/63 MP: 9/9
  7147 | Temple   | Entered the Ecumenical Temple
  7747 | D:8      | Found an opulent altar of Gozag.
  7790 | D:8      | Reached skill level 7 in Armour
  7790 | D:8      | Reached skill level 7 in Shields
  7871 | D:7      | Identified a potion of resistance
  8167 | D:8      | Found a stormy altar of Qazlal.
  8243 | D:8      | Noticed Erica
  8265 | D:8      | HP: 5/63 [something (10)]
  8270 | D:8      | Killed Erica
  8271 | D:8      | Reached skill level 7 in Dodging
  8979 | D:8      | Found a snail-covered altar of Cheibriados.
  9104 | D:8      | Reached skill level 8 in Armour
  9143 | D:8      | Reached skill level 8 in Shields
  9765 | D:9      | Reached XP level 10. HP: 57/70 MP: 10/10
  9860 | D:9      | Found a bloodstained altar of Trog.
  9896 | D:9      | Reached skill level 8 in Dodging
 10491 | D:9      | Noticed an elephant
 10538 | D:9      | HP: 2/70 [black bear (9)]
 10541 | D:9      | Mangled by an elephant

Vanquished Creatures
  Erica (D:8)
  A troll (D:9)
  A basilisk (D:9)
  Edmund (D:5)
  3 orc warriors
  2 sky beasts
  8 black bears
  5 ice beasts
  A phantom (D:5)
  2 ogres
  3 centaurs
  4 bullfrogs
  2 scorpions
  3 killer bees (D:9)
  13 wights
  4 howler monkeys
  A centaur zombie (D:6)
  A quasit (D:8)
  4 centaur skeletons
  3 hounds
  6 orc wizards
  2 orc priests
  An iron imp (D:8)
  6 iguanas
  3 worker ants
  A killer bee zombie (D:8)
  A hound zombie (D:8)
  Robin (D:4)
  11 adders
  3 shadow imps
  6 white imps
  5 ufetubi
  An adder skeleton (D:6)
  A worm (D:4)
  5 dart slugs
  9 leopard geckos
  27 orcs
  2 ball pythons
  11 giant cockroaches
  8 hobgoblins
  6 jackals (D:8)
  3 quokkas
  4 bats
  7 frilled lizards
  15 goblins
  A jackal zombie (D:8)
  9 kobolds
  A quokka skeleton (D:4)
  7 rats
226 creatures vanquished.

Vanquished Creatures (others)
  A rat (D:1)
  A bush (D:9)
  3 fungi (D:9)
  A plant (D:9)
6 creatures vanquished.

Grand Total: 232 creatures vanquished

Table legend: (Time is in decaauts)
 A = Elapsed time spent in this place.
 B = Non-inter-level travel time spent in this place.
 C = Inter-level travel time spent in this place.
 D = Time resting spent in this place.
 E = Time spent auto-exploring this place.
 F = Levels seen in this place.
 G = Mean time per level.
                   A        B        C        D        E       F      G
               +--------+--------+--------+--------+--------+-----+--------+
         Total |  10743 |  10056 |    687 |   1275 |   7060 |  10 | 1074.3 |
       Dungeon |  10540 |   9861 |    679 |   1275 |   6865 |   9 | 1171.1 |
        Temple |    203 |    196 |      7 |      0 |    195 |   1 |  203.0 |
               +--------+--------+--------+--------+--------+-----+--------+

Top non-repeatable levels by time:
     D:8: 2208 daAuts
     D:5: 1568 daAuts
     D:6: 1371 daAuts
     D:7: 1221 daAuts
     D:3: 948 daAuts
     D:4: 928 daAuts
     D:9: 899 daAuts
     D:1: 885 daAuts
     D:2: 506 daAuts
  Temple: 203 daAuts

Table legend:
 A = Non-vault XP
 B = Vault XP
 C = Vault XP percentage of total XP
 D = Non-vault monster count
 E = Vault monster count
 F = Vault count percentage of total count
                 A         B        C        D         E       F
            +---------+---------+-------+---------+---------+-------
      Total |    6326 |    2054 |  24.5 |     200 |      26 |  11.5
            +---------+---------+-------+---------+---------+-------
        D:1 |      55 |       0 |   0.0 |      30 |       0 |   0.0
        D:2 |      35 |       0 |   0.0 |      12 |       0 |   0.0
        D:3 |     121 |       3 |   2.4 |      23 |       1 |   4.2
        D:4 |      86 |      34 |  28.3 |       7 |      12 |  63.2
        D:5 |     561 |     173 |  23.6 |      22 |       1 |   4.3
        D:6 |     992 |       0 |   0.0 |      24 |       0 |   0.0
        D:7 |     782 |       0 |   0.0 |      19 |       0 |   0.0
        D:8 |    1265 |    1263 |  50.0 |      32 |       8 |  20.0
        D:9 |    2429 |     581 |  19.3 |      31 |       4 |  11.4
            +---------+---------+-------+---------+---------+-------
